[Event "Israeli Team U18-ch 2022"]
[Site "Be'er Ya'akov"]
[Date "2022.08.14"]
[Round "1.12"]
[White "Amitai, Ido"]
[Black "Ken-Dror, Renana"]
[Result "1-0"]
[ECO "B16"]
[WhiteElo "1664"]
[BlackElo "1355"]
[Annotator "NA RC"]
[PlyCount "86"]
[EventDate "2022.08.14"]
[EventCountry "ISR"]
[SourceTitle "playchess.com"]
[Source "ChessBase"]
[SourceQuality "1"]
[TimeControl "3000+10"]

1. e4 c6 2. Nf3 d5 3. Nc3 dxe4 4. Nxe4 Nf6 5. Nxf6+ gxf6 6. d4 Bg4 7. c3 e6 8. Bf4 Bd6 9. Bg3 Qc7 10. Bd3 Nd7 11. Qc2 O-O-O 12. O-O-O Nb6 13. Kb1 h6 14. Rhe1 Kb8 15. Rd2 Bxf3 16. gxf3 Nd5 17. Qb3 h5 18. c4 Ne7 19. Bh4 Bxh2 20. Bxf6 Rhe8 21. Re4 Rd7 22. Rh4 Ng8 23. Rxh2 Nxf6 24. Rh4 Red8 25. Be2 Qa5 26. Rd1 Qg5 27. Rhh1 Rxd4 28. Rdg1 Qf5+ 29. Ka1 Rd2 30. Qe3 Qc2 31. Qe5+ Kc8 32. Re1 Nd7 33. Qg7 f6 34. Rb1 Rxe2 35. Rhc1 Qd3 36. Qg3 Rd2 37. Qg1 Kb8 38. Qh2+ Qd6 39. Qxh5 Rxf2 40. Rd1 Rd2 41. Re1 e5 42. Qh4 Nc5 43. f4 Rd1 1-0

[Event "Israeli Team U18-ch 2022"]
[Site "Be'er Ya'akov"]
[Date "2022.08.14"]
[Round "1.13"]
[White "Sherman, Reem"]
[Black "Weber, Yonatan"]
[Result "1-0"]
[ECO "B89"]
[WhiteElo "2071"]
[BlackElo "1693"]
[Annotator "TA"]
[PlyCount "77"]
[EventDate "2022.08.14"]
[EventCountry "ISR"]
[SourceTitle "playchess.com"]
[Source "ChessBase"]
[SourceQuality "1"]
[TimeControl "3000+10"]

1. e4 c5 2. Nf3 Nc6 3. d4 cxd4 4. Nxd4 Nf6 5. Nc3 d6 6. Bc4 e6 7. Be3 a6 8. Qe2 Qc7 9. O-O-O Na5 10. Bb3 b5 11. f3 Be7 12. g4 O-O 13. h4 Nxb3+ 14. axb3 {[%emt 0:01:37] B89: Sicilian: Velimirovic Attack.} b4 15. Na4 {[%emt 0:01:42] [#]} d5 $146 {[%emt 0:01:05] Inhibits Qc4.} ({Predecessor:} 15... Nd7 16. g5 Nc5 17. Kb1 Bd7 18. g6 fxg6 19. Qg2 Nxa4 20. bxa4 e5 21. Nb3 Bxa4 22. h5 gxh5 23. Rxh5 Be8 24. Rh3 a5 25. Rg1 Bf6 26. f4 a4 27. Nc1 a3 28. f5 axb2 29. Nb3 Bf7 30. Bh6 Bxb3 31. Rxb3 Kh8 32. Be3 Qc3 {0-1 (32) Trammell,G-Wolff,P (2565) Las Vegas 1996}) 16. e5 {[%emt 0:04:27] The position is equal.} Nd7 17. f4 (17. Bg5 $5 Re8 18. Bxe7 Rxe7 19. f4 $11) 17... Nc5 18. Nxc5 Bxc5 19. Qf2 Bd7 20. Nf3 Be7 21. Bd4 a5 22. Kd2 Rfc8 23. Rc1 a4 24. bxa4 Bxa4 25. Ne1 ({White should try} 25. b3 $1 $15) 25... b3 26. c3 Bb5 {[%emt 0:00:06] And now ...Qc4 would win.} 27. f5 $2 (27. Ke3 $17) 27... Ra2 $19 28. Rb1 Ba3 29. Ke3 Ra8 $2 (29... f6 30. fxe6 Re8) 30. Nf3 Qc4 $2 ({Better is} 30... Bc5 $19 {aiming for ...f6.} 31. Rhd1 Re8) 31. Rhd1 $1 $15 exf5 32. gxf5 Bd7 $2 (32... f6 $11 33. e6 Bd6) 33. Nd2 (33. e6 $142 fxe6 34. Ne5) 33... Qc8 $18 34. bxa3 {[%emt 0:00:38] Strongly threatening e6.} Bxf5 35. Rxb3 Bc2 {[%emt 0:00:12] [#]} (35... Be6 {keeps fighting.} 36. Rg1 Bg4) 36. Rg1 $1 {[%emt 0:00:08][%cal Og1g7] Rxg7+! would kill now.} Bxb3 $2 {[%emt 0:00:25] [#]} (36... Bg6 $18 37. Qf3 (37. Qf1 f6 $16) 37... Qa6) 37. Rxg7+ $3 {[%emt 0:00:25][%mdl 576] Decoy. White mates.} Kxg7 (37... Kh8 38. Rg3) 38. e6+ $1 {[%emt 0:00:02][%mdl 64] Discovered Attack} f6 39. Qxf6+ {[%emt 0:01:17] Weighted Error Value: White=0.44/Black=0.71} 1-0

[Event "Israeli Team U18-ch 2022"]
[Site "Be'er Ya'akov"]
[Date "2022.08.14"]
[Round "1.14"]
[White "Sella, Eyal"]
[Black "Shteiman, Yuval"]
[Result "0-1"]
[ECO "C01"]
[WhiteElo "1432"]
[BlackElo "2034"]
[Annotator "RC"]
[PlyCount "50"]
[EventDate "2022.08.14"]
[EventCountry "ISR"]
[SourceTitle "playchess.com"]
[Source "ChessBase"]
[SourceQuality "1"]
[TimeControl "3000+10"]

1. e4 e6 2. d4 d5 3. exd5 exd5 4. Nf3 Nf6 5. c4 c6 6. Nc3 Bb4 7. Qb3 Bxc3+ 8. bxc3 O-O 9. Be2 Re8 10. Ne5 Nbd7 11. f4 Ne4 12. O-O Ndf6 13. g4 dxc4 14. Bxc4 Nd5 15. f5 Nexc3 16. Nxf7 Qb6 17. Qxb6 axb6 18. Nd6 Rd8 19. Bf4 Kf8 20. Be5 Ne3 21. f6 Nxc4 22. fxg7+ Kg8 23. Nxc4 Be6 24. Nd6 Ne2+ 25. Kh1 Bd5+ 0-1

[Event "Israeli Team U18-ch 2022"]
[Site "Be'er Ya'akov"]
[Date "2022.08.14"]
[Round "1.15"]
[White "Friedland, Eldar"]
[Black "Blumenthal, Michael"]
[Result "1-0"]
[ECO "A37"]
[WhiteElo "1990"]
[BlackElo "1365"]
[Annotator "TA"]
[PlyCount "101"]
[EventDate "2022.08.14"]
[EventCountry "ISR"]
[SourceTitle "playchess.com"]
[Source "ChessBase"]
[SourceQuality "1"]
[TimeControl "3000+10"]

1. c4 c5 2. Nf3 Nc6 3. g3 g6 4. Bg2 Bg7 5. Nc3 e6 6. d4 cxd4 7. Nb5 d6 {[%emt 0:00:04] A37: Symmetrical English vs ...g6: 4 Bg2 Bg7 5 Nf3.} 8. Nfxd4 Nxd4 9. Nxd4 Ne7 {[%emt 0:01:13] White has an edge.} 10. O-O O-O 11. Nb5 d5 {[%emt 0:05:46] [#]} 12. Bg5 $146 ({Predecessor:} 12. Bf4 e5 13. Bg5 d4 14. e3 f6 15. exd4 fxg5 16. d5 a6 17. Nc3 Nf5 18. c5 {0-1 (79) Wagner,D (2581)-Osmanodja,F (2293) Playchess.com INT 2020}) 12... d4 (12... Bd7 $11) 13. Qd3 e5 14. Qa3 $1 f6 15. Bd2 {[%emt 0:00:12] aiming for Bb4.} Nc6 16. Bd5+ Kh8 17. f4 Qe7 (17... Bh3 $11 {remains equal.}) 18. Qxe7 $16 {[%emt 0:02:15] 0x0.001ebac80437dp-1022s more active pieces. The black rooks are badly placed.} Nxe7 19. Bb4 $36 {[%emt 0:00:29][%mdl 2048] Keeping Black busy.} Nxd5 20. Bxf8 Bxf8 21. cxd5 {[%emt 0:00:07] Strongly threatening Nc7.} Bd7 (21... Bh3 $16 {was worth a try.}) 22. Nc7 $1 $18 Rc8 23. Rac1 {[%emt 0:00:09] Ne6 is the strong threat.} Bd6 24. Ne6 Bxe6 25. dxe6 {[%emt 0:00:05][%mdl 4096] Endgame KRR-KRB} Re8 26. fxe5 Bxe5 27. b3 (27. Rf3 $18) 27... Rxe6 28. Rc8+ Kg7 29. Rfc1 Ra6 30. R1c2 Kh6 (30... h5 $16 31. Rd8 Kh6) 31. Kf2 Re6 32. Kf3 Kg5 33. Ra8 a6 34. Rcc8 h5 35. Re8 Rc6 36. Rac8 Rc3+ (36... Rb6 {is a better defense.} 37. Re7 Bd6) 37. Rxc3 $1 dxc3 {[%emt 0:00:03] KR-KB} 38. e4 Kh6 39. Ke3 ({Resist} 39. Rc8 $6 Kg7 40. Ke3 Kh6 41. Rh8+ Kg7) 39... g5 $2 {[%emt 0:00:17] [#]} (39... Kg5 {was necessary.} 40. Rg8 Kh6) 40. Re7 $2 ({White should play} 40. Rxe5 $1 $18 fxe5 41. Kd3) 40... b5 $2 (40... h4 $11) 41. b4 ({Less strong is} 41. Kd3 h4 $16) 41... h4 {[%emt 0:00:15] [#] White must now prevent ...c2.} 42. gxh4 (42. Re6 $1 $18) 42... gxh4 $2 {[%emt 0:00:14][%mdl 8192] [#] A mistake that costs the game.} (42... g4 $16 43. Rf7 Kg6) 43. h3 $1 Kg5 44. Rg7+ ({Weaker is} 44. Kd3 Kf4 $14) 44... Kh6 45. Rg2 Bd6 46. a3 a5 (46... Bg3 $18 47. Rg1 Kh5) 47. bxa5 {[%emt 0:00:21] White mates.} Bxa3 48. Kd3 Bb4 49. a6 Bc5 50. Kxc3 Bb6 51. Kb4 {[%emt 0:00:04] Weighted Error Value: White=0.21 (precise) /Black=0.61} 1-0

[Event "Israeli Team U18-ch 2022"]
[Site "Be'er Ya'akov"]
[Date "2022.08.14"]
[Round "1.16"]
[White "Goz, Shachar"]
[Black "Ostrovsky Berman, Noam"]
[Result "1-0"]
[ECO "A02"]
[WhiteElo "1380"]
[BlackElo "1778"]
[Annotator "NA RC"]
[PlyCount "93"]
[EventDate "2022.08.14"]
[EventCountry "ISR"]
[SourceTitle "playchess.com"]
[Source "ChessBase"]
[SourceQuality "1"]
[TimeControl "3000+10"]

1. f4 c5 2. Nf3 g6 3. e3 Bg7 4. Nc3 e6 5. Bb5 a6 6. Be2 b5 7. d4 c4 8. a4 b4 9. Na2 a5 10. Bxc4 d5 11. Bd3 Ne7 12. b3 Nbc6 13. O-O h5 14. Bb2 Nf5 15. Qd2 Qb6 16. Nc1 f6 17. Bb5 Nd6 18. Bd3 Kf7 19. Ne5+ fxe5 20. fxe5+ Nf5 21. Ne2 Ke7 22. Nf4 Rh6 23. Qf2 Ba6 24. c4 bxc3 25. Ba3+ Nb4 26. Bxf5 gxf5 27. Qh4+ Kd7 28. Qg5 Rg8 29. Nxh5 Qd8 30. Rxf5 exf5 31. Qxf5+ Kc7 32. Bxb4 axb4 33. Qf7+ Kb8 34. Nxg7 Qg5 35. Qxg8+ Ka7 36. Qf7+ Bb7 37. Nf5 Rb6 38. a5 Rg6 39. g3 c2 40. Rc1 Rc6 41. Kf2 Qg4 42. Ke1 Qf3 43. a6 Qh1+ 44. Kf2 Qxh2+ 45. Kf3 Kxa6 46. Nd6 Rxd6 47. exd6 1-0

[Event "Israeli Team U18-ch 2022"]
[Site "Be'er Ya'akov"]
[Date "2022.08.14"]
[Round "2.1"]
[White "Rozen, Eytan"]
[Black "Gov, Guy"]
[Result "1-0"]
[ECO "A13"]
[WhiteElo "2465"]
[BlackElo "2174"]
[Annotator "TA"]
[PlyCount "81"]
[EventDate "2022.08.14"]
[EventCountry "ISR"]
[SourceTitle "playchess.com"]
[Source "ChessBase"]
[SourceQuality "1"]
[TimeControl "3000+10"]

1. c4 e6 2. g3 d5 3. Bg2 Nf6 4. Nf3 dxc4 5. Qa4+ Nbd7 6. Qxc4 a6 7. Qc2 c5 8. O-O {[%emt 0:00:12] 8.Nc3 injects fresh life into this line.} Qc7 {[%emt 0:01:39] A13: English Opening: 1...e6.} 9. d4 b6 10. Bf4 Bd6 {[%emt 0:00:01] [#] White is slightly better.} 11. Ne5 $146 ({Predecessor:} 11. Bxd6 Qxd6 12. Rd1 Bb7 13. Nc3 O-O 14. Rd2 Rac8 15. dxc5 Qxc5 16. Rad1 Ne5 17. Nxe5 Bxg2 {1-0 (27) Sorokin,A (2532)-Dobrowolski,P (2413) Chess.com INT 2021}) 11... Nd5 12. Nxd7 {[%emt 0:02:08] White is more active.} Bxd7 13. Bxd6 Qxd6 14. dxc5 bxc5 (14... Qxc5 $14 15. Qxc5 bxc5) 15. Nc3 Nb4 16. Rad1 Nxc2 17. Rxd6 Ra7 18. e3 {[%emt 0:02:59] Threatens to win with a3.} Ke7 19. Rd2 Nb4 20. a3 ({White should play} 20. Rc1 $16) 20... Nc6 $1 $11 21. Ne4 $36 {[%emt 0:05:02][%mdl 2048] White has the initiative.} c4 $1 22. Nc5 Rb8 23. Rxd7+ Rxd7 24. Bxc6 Rd2 25. Na4 {[%emt 0:00:42] [#] Black must now prevent Rc1.} Kd6 {[%emt 0:00:41] Black is now going downhill.} (25... c3 $1 $11 26. bxc3 Rc8) 26. Bf3 $16 Ke7 (26... c3 $16 {was called for.}) 27. Rc1 $18 Rc8 28. Bb7 (28. Nb6 $6 Rc7 29. Rxc4 Kd8 30. Rxc7 Kxc7 $18) 28... Rc7 29. Bxa6 Ra7 30. Bb5 Ra5 31. Bc6 Rf5 32. f4 ({Less strong is} 32. Rxc4 Rfxf2 33. b4 Rxh2 $14) 32... Rh5 33. Bg2 ({Not} 33. Rxc4 Rhxh2 34. Rd4 Rxd4 35. Kxh2 (35. exd4 Rc2 $16) 35... Rd3 $16) 33... e5 34. Rxc4 exf4 35. Rxf4 Rb5 36. b4 Rb8 37. Nc5 Rbd8 38. Re4+ Kf8 39. Rd4 {[%emt 0:00:00] [#] aiming for b5.} R8xd4 40. exd4 Rxd4 41. b5 {[%emt 0:00:05] Weighted Error Value: White=0.10 (very precise) /Black=0.28 (precise)} 1-0

[Event "Israeli Team U18-ch 2022"]
[Site "Be'er Ya'akov"]
[Date "2022.08.14"]
[Round "2.2"]
[White "Tsirilman, Guy"]
[Black "Milikow, Yoav"]
[Result "1/2-1/2"]
[ECO "C42"]
[WhiteElo "2108"]
[BlackElo "2452"]
[Annotator "TA"]
[PlyCount "91"]
[EventDate "2022.08.14"]
[EventCountry "ISR"]
[SourceTitle "playchess.com"]
[Source "ChessBase"]
[SourceQuality "1"]
[TimeControl "3000+10"]

1. e4 e5 2. Nf3 Nf6 3. Nxe5 d6 4. Nf3 Nxe4 5. Nc3 Nxc3 6. dxc3 Be7 7. Bf4 O-O $1 {[%emt 0:00:07] 7...0-0 scores better than 7...Nc6.} 8. Qd2 Re8 {[%emt 0:03:24] C42: Petroff Defence: 3 Nxe5 and unusual White 3rd moves.} 9. O-O-O Nd7 10. Kb1 Nc5 11. Bd3 {[%emt 0:03:29] [#] Prevents Ne4.} Bg4 $146 ({Predecessor:} 11... Ne6 12. Be3 Bf6 13. h3 Nf8 14. Nd4 a6 15. g4 c5 16. Nf5 Bxf5 17. Bxf5 Be7 {1-0 (28) Huhnstock,R (1856)-Lohrie,C (1440) Neumuenster 2008}) 12. Rhe1 Qd7 13. Re3 Bf6 14. Rde1 Rxe3 15. Qxe3 Nxd3 16. cxd3 h6 17. Nd2 Be6 18. Ne4 Be7 19. Qe2 Re8 20. f3 Bf8 {[%emt 0:02:45] [#] Hoping for ...f5.} 21. Qd2 f5 22. Nf2 g5 23. Be3 Qf7 24. c4 b5 25. Nd1 (25. b3 $17 {is a better defense.}) 25... bxc4 $19 26. d4 d5 27. f4 g4 28. Bf2 c6 29. Re2 Rb8 30. Qe3 Bd7 31. g3 Qh5 32. Be1 Bg7 33. Bc3 Re8 34. Qf2 Re4 35. Rxe4 fxe4 ({Don't play} 35... dxe4 $6 36. d5 cxd5 37. Bxg7 Kxg7 38. Qd4+ Kf8 39. Qc5+ Kg8 40. Qxd5+ Qf7 41. Qa8+ Be8 42. Ne3 $11) 36. Ne3 c5 $2 (36... Qe8 $17 37. Qd2 Qb8) 37. Nc2 $2 {[%emt 0:00:02] [#]} (37. Qd2 $14 {was forced to keep a grip.}) 37... e3 $1 (37... cxd4 38. Bxd4 Bxd4 39. Qxd4 $11) 38. Qxe3 Qxh2 {[%emt 0:00:15] And now ...Bf5 would win.} ({And not} 38... Bf5 39. Kc1 $15) 39. dxc5 Bf5 40. Qd2 Qg1+ 41. Qe1 Qg2 ({Much worse is} 41... Qxc5 $6 42. Bxg7 Kxg7 43. Qe5+ Kg6 44. Qe8+ Kh7 45. Qf7+ Kh8 46. Qe8+ Kh7 47. Qf7+ Kh8 48. Qe8+ Kh7 $11) ({Black should play} 41... Qxe1+ $17 42. Bxe1 Bd4) 42. Bxg7 {[%emt 0:00:27] The position is equal.} Qxc2+ 43. Ka1 Kxg7 44. Qe7+ Kg6 45. Qe8+ $1 Kf6 46. Qf8+ {[%emt 0:00:07] Weighted Error Value: White=0.23 (precise) /Black=0.23 (precise)} 1/2-1/2

[Event "Israeli Team U18-ch 2022"]
[Site "Be'er Ya'akov"]
[Date "2022.08.14"]
[Round "2.3"]
[White "Milikow, Elie"]
[Black "Orian, Noga"]
[Result "1-0"]
[ECO "B90"]
[WhiteElo "2433"]
[BlackElo "1914"]
[Annotator "TA"]
[PlyCount "61"]
[EventDate "2022.08.14"]
[EventCountry "ISR"]
[SourceTitle "playchess.com"]
[Source "ChessBase"]
[SourceQuality "1"]
[TimeControl "3000+10"]

1. e4 c5 2. Nf3 d6 3. d4 cxd4 4. Nxd4 Nf6 5. Nc3 a6 6. f3 e5 7. Nb3 Be6 8. Be3 Be7 9. Qd2 Nbd7 10. Nd5 Bxd5 11. exd5 O-O 12. Be2 Rc8 13. c4 {[%emt 0:02:13] [#]} g6 $146 {[%emt 0:06:10] B90: Sicilian Najdorf: Unusual White 6th moves, 6 Be3 Ng4 and 6 Be3 e5.} (13... Nh5 $11) ({Predecessor:} 13... b6 14. O-O a5 15. Rac1 Re8 16. Rc2 g6 17. Nc1 Nh5 18. Nd3 f5 19. Kh1 f4 20. Bg1 Bh4 21. Nf2 {0-1 (49) Franca,R (2278)-So,W (2773) Chess.com INT 2022}) 14. Na5 $14 Qc7 15. O-O Rfe8 {[%emt 0:02:01] White is slightly better.} 16. b4 b6 17. Nc6 Bf8 {[%emt 0:00:12] [#]} (17... Ra8 $16 {was worth a try.} 18. a4 a5) 18. a4 $1 $18 Nb8 {[%emt 0:03:42] [#]} 19. a5 $1 bxa5 20. b5 (20. Rxa5 Nxc6 21. dxc6 Qxc6 $16) 20... axb5 21. cxb5 {[%emt 0:02:38] And now b6 would win.} Nxc6 22. bxc6 (22. dxc6 $142 {aiming for Rfc1.} d5 23. Qxa5) 22... Ra8 $16 23. Rfb1 {[%emt 0:01:13] 0x0.001f24df9e11dp-1022s more active pieces.} a4 (23... Reb8 $1 $14) 24. Rb7 Qa5 (24... Qc8 $16) 25. Qxa5 Rxa5 26. Bc4 Nxd5 $2 (26... Rc8 27. Bb6 Raa8) 27. Bb6 Nxb6 28. Bxf7+ Kh8 {[%emt 0:00:06][%cal Oe8e7] ...Re7! is the strong threat.} 29. Bxe8 Nd5 (29... Na8 $142 30. Bd7 a3) 30. Bf7 $18 {[%emt 0:01:18] Black must now prevent Bxd5.} ({Less strong is} 30. c7 Rc5 31. Rb5 (31. Bxa4 Rxc7 32. Rxc7 Nxc7 $18) 31... Nxc7 32. Rxc5 dxc5 $18) 30... Ne7 31. Rc1 {[%emt 0:00:48] Weighted Error Value: White=0.15 (very precise) /Black=0.55} 1-0

[Event "Israeli Team U18-ch 2022"]
[Site "Be'er Ya'akov"]
[Date "2022.08.14"]
[Round "2.4"]
[White "Zuev, Ilya"]
[Black "Gorshtein, Asaf"]
[Result "0-1"]
[ECO "A32"]
[WhiteElo "1789"]
[BlackElo "2112"]
[Annotator "RC"]
[PlyCount "122"]
[EventDate "2022.08.14"]
[EventCountry "ISR"]
[SourceTitle "playchess.com"]
[Source "ChessBase"]
[SourceQuality "1"]
[TimeControl "3000+10"]

1. d4 Nf6 2. Nf3 d5 3. c4 e6 4. Nc3 c5 5. cxd5 cxd4 6. Nxd4 Nxd5 7. Nxd5 Qxd5 8. e3 Nc6 9. Nb5 Bb4+ 10. Bd2 Bxd2+ 11. Qxd2 Qxd2+ 12. Kxd2 Ke7 13. Bd3 Rd8 14. Ke2 Bd7 15. Rhd1 Ne5 16. Nc3 Nxd3 17. Rxd3 Bc6 18. Rxd8 Rxd8 19. b4 g5 20. f3 h5 21. Rd1 Rc8 22. Rd3 f6 23. Kf2 Be8 24. Ne4 Rc2+ 25. Rd2 Rc1 26. Nd6 b6 27. f4 gxf4 28. exf4 Bd7 29. Ke2 Rb1 30. a3 Rb3 31. Kf2 Rxa3 32. Ne4 Bc6 33. Nd6 Ra4 34. b5 Bd7 35. Ke3 Rb4 36. g3 e5 37. fxe5 fxe5 38. h4 Rd4 39. Ne4 Rxd2 40. Kxd2 Bxb5 41. Kc3 Bc6 42. Nf2 Bf3 43. Kc4 Kd6 44. Kd3 a5 45. Ke3 Bd5 46. g4 hxg4 47. Nxg4 a4 48. Kd3 a3 49. Kc3 Bf7 50. Ne3 Kc5 51. Ng4 e4 52. Nf6 e3 53. Ne4+ Kd5 54. Ng3 a2 55. Kb2 Ke5 56. h5 Bxh5 57. Kxa2 e2 58. Nxe2 Bxe2 59. Kb3 Kd4 60. Kb4 b5 61. Ka5 Kc3 0-1

[Event "Israeli Team U18-ch 2022"]
[Site "Be'er Ya'akov"]
[Date "2022.08.14"]
[Round "2.5"]
[White "Ribstein, Orel"]
[Black "Levin, Guy"]
[Result "0-1"]
[ECO "D25"]
[WhiteElo "1964"]
[BlackElo "2363"]
[Annotator "TA"]
[PlyCount "46"]
[EventDate "2022.08.14"]
[EventCountry "ISR"]
[SourceTitle "playchess.com"]
[Source "ChessBase"]
[SourceQuality "1"]
[TimeControl "3000+10"]

1. d4 {[%emt 0:00:01] Harikrishna,P} d5 2. c4 dxc4 3. Nf3 Nf6 4. e3 Bg4 5. Bxc4 e6 6. O-O Nbd7 7. Nc3 Be7 {[%emt 0:00:06] [#]} 8. Bd2 $146 {[%emt 0:01:40] D25: Queen's Gambit Accepted: 4 e3: sidelines and 4...Bg4.} (8. h3 $14 {feels stronger.} Bh5 9. e4) ({Predecessor:} 8. e4 O-O 9. e5 Ne8 10. Be3 c6 11. h3 Bh5 12. g4 Bg6 13. Ne1 Nb6 14. Bb3 Nc7 15. f4 f5 {0-1 (49) Navara,D (2717)-Harikrishna,P (2713) Prague 2020 CBM 195 [Harikrishna,P]}) 8... O-O $11 9. Qc2 Bxf3 10. gxf3 {[%emt 0:00:12] The position is equal.} Rc8 11. Rfd1 c5 12. dxc5 Rxc5 13. Be2 Qb8 14. Kh1 b5 {[%emt 0:00:34][%cal Bb7b5,Bb5b4][%mdl 32] Strongly threatening ...b4.} ({Much worse is} 14... Rh5 15. f4 $11) 15. Qb3 {[%emt 0:04:05] White does not recover from this.} (15. b4 $15 Rf5 16. f4) 15... Rh5 $19 16. f4 {[%emt 0:00:08] [#]} Qa8+ $1 17. Kg1 Rh6 {[%emt 0:00:02] ( -> ...Rg6+)} 18. f3 Rg6+ 19. Kf2 $2 (19. Kh1 {was the only defense.} Ng4 20. Rf1) 19... b4 20. Nb5 (20. Rg1 $142 bxc3 21. Bxc3) 20... Nc5 ({Weaker is} 20... Nd5 21. Rg1 $17) 21. Qc4 {[%emt 0:04:37] [#] Inhibits Nfe4+.} Nce4+ $1 22. fxe4 (22. Ke1 Rg1+) 22... Nxe4+ 23. Ke1 Bh4+ {[%emt 0:00:07] Weighted Error Value: White=1.33/Black=0.02 (flawless)} 0-1

[Event "Israeli Team U18-ch 2022"]
[Site "Be'er Ya'akov"]
[Date "2022.08.14"]
[Round "2.6"]
[White "Ben Ari, Yannay"]
[Black "Tashkinova, Sofiia"]
[Result "1-0"]
[ECO "A11"]
[WhiteElo "2411"]
[BlackElo "1935"]
[Annotator "TA"]
[PlyCount "57"]
[EventDate "2022.08.14"]
[EventCountry "ISR"]
[SourceTitle "playchess.com"]
[Source "ChessBase"]
[SourceQuality "1"]
[TimeControl "3000+10"]

1. c4 c6 2. Nf3 d5 3. g3 Nf6 4. Bg2 Bg4 5. Ne5 e6 (5... Bf5 $11 {remains equal.}) 6. cxd5 {[%emt 0:03:13] Black is on the road to losing. A11: English Opening: 1...c6.} exd5 7. Nxg4 Nxg4 {[%emt 0:00:28] [#]} 8. e4 $1 {[%emt 0:03:55][%cal Be2e4,Be4e5][%mdl 32] White is better.} Nf6 {[%emt 0:03:18] [#]} 9. e5 Nfd7 10. O-O Be7 11. d4 Nf8 {[%emt 0:01:41] [#]} 12. f4 $146 {[%emt 0:00:46][%cal Bf2f4,Bf4f5,Bf5f6,Bf6f7][%mdl 32] White is more active.} ({Predecessor:} 12. Be3 Nbd7 13. Nc3 Ne6 14. f4 f5 15. g4 O-O 16. gxf5 Nc7 17. Qd3 Nb6 18. Rad1 {1-0 (33) Clement,P (2001)-Garon,P (1974) Loire 2005}) 12... Nbd7 13. Nc3 Qb6 (13... h5 $16 14. f5 h4) 14. f5 h5 15. Na4 Qa5 16. Bf4 g6 (16... h4 {is a better defense.} 17. Rc1 hxg3) 17. f6 $18 Bd8 18. Bh3 {[%emt 0:02:51][%cal Oe5e6] And now e6! would win.} Bb6 (18... Rh7 $142 19. Bd2 Qa6) 19. Kh1 {[%emt 0:02:51][%cal Oe5e6] Black must now prevent e6!} h4 $2 (19... Ne6 {was necessary.} 20. Bxe6 fxe6 21. f7+ Kf8) 20. e6 Nxe6 (20... fxe6 $142 21. f7+ Kd8 22. Nxb6 Qxb6 23. gxh4 Rh7 24. Bg5+ Kc8) 21. Bxe6 fxe6 22. f7+ Kd8 23. Nxb6 Qxb6 24. Qg4 hxg3 25. Bxg3 Rf8 26. Rae1 {[%emt 0:01:01] White mates.} Kc8 27. Rxe6 Qd8 28. Qe2 b6 29. Qa6# {[%emt 0:00:04] Weighted Error Value: White=0.08 (flawless) /Black=0.75} 1-0

[Event "Israeli Team U18-ch 2022"]
[Site "Be'er Ya'akov"]
[Date "2022.08.14"]
[Round "2.7"]
[White "Azoulay, Yehonatan"]
[Black "Uritsky, Yonathan"]
[Result "0-1"]
[ECO "B12"]
[WhiteElo "1805"]
[BlackElo "2130"]
[Annotator "TA"]
[PlyCount "87"]
[EventDate "2022.08.14"]
[EventCountry "ISR"]
[SourceTitle "playchess.com"]
[Source "ChessBase"]
[SourceQuality "1"]
[TimeControl "3000+10"]

1. e4 c6 2. d4 d5 3. e5 Bf5 4. c4 e6 5. Nc3 Ne7 6. Nf3 {[%emt 0:02:31] B12: Caro-Kann: Advance Variation.} Nd7 7. Be2 dxc4 8. Bxc4 Nb6 9. Bb3 (9. Be2 $11) 9... Ned5 (9... Bg4 $1 $15 {is superior.}) 10. O-O $11 Be7 {[%emt 0:00:30] [#]} 11. Ne2 $146 ({Predecessor:} 11. Be3 O-O 12. Rc1 a5 13. h3 h6 14. a3 Qd7 15. Qd2 Rfd8 16. Rfd1 g5 17. g4 {1-0 (48) Battulga,N (2398)-Ariunbuuvei,B (2259) Ulaanbaatar 2020}) 11... O-O 12. Ng3 Bg6 13. Bc2 Bxc2 14. Qxc2 c5 15. dxc5 Rc8 16. Ne4 Nd7 17. Neg5 g6 18. Qe2 Nxc5 (18... Bxc5 19. Ne4 $11) 19. h4 h6 20. Nh3 Kg7 21. h5 (21. Rd1 $11) 21... Qb6 ({Black should try} 21... g5 $15 22. Nh2 Qb6) 22. Nh2 (22. Qd2 $2 g5 23. Nd4 Rfd8 $17) (22. hxg6 $11 fxg6 23. Nd4) 22... Qa6 23. Qg4 {[%emt 0:06:21] [#]} Nd3 $1 24. a3 (24. hxg6 $17 {was necessary.} fxg6 25. Nf3) 24... Nxe5 $19 (24... Nxc1 25. Raxc1 g5 26. Qf3) 25. Qd4 {[%emt 0:00:10] [#]} (25. Qg3 $17 {might work better.} Bd6 26. hxg6) 25... Bf6 $1 {[%emt 0:00:19][%cal Oe5f3] Threatens to win with ...Nf3+!} 26. Qd2 (26. Qe4 {keeps fighting.}) 26... g5 {[%emt 0:00:38] Active counter play!} 27. f4 gxf4 (27... Nd3 $142 28. fxg5 Bd4+ 29. Nf2 Be3 30. gxh6+ Kh8 31. Qxe3 Nxe3 32. Bxe3 Rc2) 28. Nxf4 Bg5 29. g3 (29. Qd4 $142 Qb6 30. Qxb6 Nxb6 31. b3) 29... Qb6+ 30. Kh1 Rfd8 {[%emt 0:00:29] White must now prevent ...Nxf4.} 31. Qg2 Qc6 32. Nxd5 Qxd5 33. Bxg5 hxg5 34. Qxd5 Rxd5 ({Stronger than} 34... exd5 35. Rae1 f6 36. Nf3 $17) 35. Rf2 g4 36. Raf1 f5 37. Re2 Rh8 38. Rfe1 Nd3 ({Wrong is} 38... Kf6 $2 39. Nf1 $19) 39. Rf1 {[%emt 0:00:02] Against f4} Rxh5 40. Rxe6 Kf7 (40... Nc5 $142 41. Re7+ Kg6) 41. Re2 f4 $2 (41... Kg6 $19 {Hoping for ...Rd8.} 42. Re6+ Kg5) 42. Kg1 $15 Rdg5 (42... Rhf5 $15 43. Rd2 Ke6 44. Re2+ Kd6) 43. Rd2 $11 Rd5 44. gxf4 {[%emt 0:00:22][%mdl 32768] Weighted Error Value: White=0.31/Black=0.27 (precise) . Loss on time!?} ({Not} 44. Nxg4 $2 Rhg5 45. Nh2 Rxg3+ 46. Rg2 Rdg5 47. Rxg3 Rxg3+ 48. Kh1 Ke6 $19) 0-1